 Dungeon Crawl Stone Soup version 0.22-a0-377-g846bec1 (webtiles) character file.

415 Gorice the Firebug (level 6, -6/32 HPs)
             Began as a Deep Elf Fire Elementalist on Apr 27, 2018.
             Was an Initiate of Sif Muna.
             Engulfed by a cloud of steam (21 damage)
             ... on level 4 of the Dungeon.
             The game lasted 00:18:40 (4050 turns).

Gorice the Firebug (Deep Elf Fire Elementalist)     Turns: 4050, Time: 00:18:41

Health: -6/32      AC:  3    Str:  5    XL:     6   Next: 60%
Magic:  11/15      EV: 13    Int: 22    God:    Sif Muna [......]
Gold:   93         SH:  0    Dex: 15    Spells: 5/15 levels left

rFire    . . .     SeeInvis .   a - +0 falchion
rCold    . . .     Gourm    +   (no shield)
rNeg     . . .     Faith    .   d - +1 robe
rPois    .         Spirit   .   (no helmet)
rElec    .         Reflect  .   (no cloak)
rCorr    .         Harm     .   (no gloves)
MR       .....                  (no boots)
Stlth    +.........             i - amulet of the gourmand
HPRegen  0.10/turn              e - ring of flight
MPRegen  0.14/turn              (no ring)

@: very slow
A: no striking features
a: Renounce Religion, Evoke Flight


You were on level 4 of the Dungeon.
You worshipped Sif Muna.
Sif Muna was noncommittal.
You were completely stuffed.

You visited 1 branch of the dungeon, and saw 4 of its levels.

You collected 93 gold pieces.

Inventory:

Hand Weapons
 a - a +0 falchion (weapon)
 p - a +0 blowgun
 v - a cursed -3 falchion
Missiles
 n - 7 needles of sleeping
 o - 4 curare-tipped needles
 u - 3 tomahawks (quivered)
 Y - 126 stones
 Z - a throwing net
Armour
 d - a +1 robe (worn)
 l - a +0 ring mail
Jewellery
 e - a ring of flight (left hand)
 i - an amulet of the gourmand (around neck)
Scrolls
 f - a scroll of identify
 j - a scroll of enchant armour
 k - a scroll of teleportation {!r}
 r - 2 scrolls of remove curse
Potions
 b - a potion of curing
 g - a potion of might {!q}
 h - a potion of heal wounds {!q}
 m - a potion of brilliance {!q}
 q - a potion of flight
 t - a potion of berserk rage {unknown}
Comestibles
 c - 7 rations
 s - 4 chunks of flesh


   Skills:
 - Level 2.4 Dodging
 - Level 2.4 Stealth
 + Level 5.1 Spellcasting
 * Level 5.1 Conjurations
 * Level 5.3 Fire Magic


You had 5 spell levels left.
You knew the following spells:

 Your Spells              Type           Power        Failure   Level  Hunger
a - Flame Tongue          Conj/Fire      ####.        1%          1    None
b - Throw Flame           Conj/Fire      ####..       1%          2    None
c - Conjure Flame         Conj/Fire      ####....     3%          3    ##.....
d - Sticky Flame          Conj/Fire      ####....     12%         4    ####...


Dungeon Overview and Level Annotations

Branches:
Dungeon (4/15)             Temple (0/1) D:4

Altars:
Sif Muna

Shops:
D:4 [


Message History

You butcher the leopard gecko corpse.
s - 2 chunks of flesh A leopard gecko comes into view.
Casting: Flame Tongue (safe; 1% risk of failure)
Confirm with . or Enter, or press ? or * to list all spells.
You can't see any susceptible monsters within range! (Use Z to cast anyway.)
Casting: Flame Tongue (safe; 1% risk of failure)
Confirm with . or Enter, or press ? or * to list all spells.
Aiming: Throw Flame (safe; 1% risk of failure)
Press: ? - help, Shift-Dir - straight line, f - leopard gecko
Aim: a leopard gecko (clinging, resting) Sif Muna accepts your kill.
You feel a bit more experienced.
You are engulfed in a cloud of scalding steam.
Ouch! That really hurt!
* * * LOW HITPOINT WARNING * * *
Damage: 18 (max 18) Unknown command.
A river rat comes into view.
Casting: Throw Flame (safe; 1% risk of failure)
Confirm with . or Enter, or press ? or * to list all spells.
Aiming: Throw Flame (safe; 1% risk of failure)
Press: ? - help, Shift-Dir - straight line, f - river rat
Aim: a river rat (resting) Sif Muna accepts your kill.
You feel a bit more experienced.
You see here a leopard gecko corpse.
You butcher the leopard gecko corpse.
s - 4 chunks of flesh (gained 2)
You start resting.
Magic restored.
A river rat comes into view.
Casting: Throw Flame (safe; 1% risk of failure)
Confirm with . or Enter, or press ? or * to list all spells.
Aiming: Throw Flame (safe; 1% risk of failure)
Press: ? - help, Shift-Dir - straight line, f - river rat
Aim: a river rat (resting)
Casting: Throw Flame (safe; 1% risk of failure)
Confirm with . or Enter, or press ? or * to list all spells.
Aiming: Throw Flame (safe; 1% risk of failure)
Press: ? - help, Shift-Dir - straight line, f/p - river rat
Aim: a river rat (steam, heavily wounded) Unknown command.
You are engulfed in a cloud of scalding steam.
* * * LOW HITPOINT WARNING * * *
Damage: 2 (max 2) Unknown command.
You are engulfed in a cloud of scalding steam.
Ouch! That really hurt!
You die...

#.## ##≈######≈## #.# #
#..# #≈≈≈≈≈≈≈≈≈≈# #.# #
##.# #≈≈≈####≈≈≈# #.# #
##.####≈##≈≈##≈## #.####
########.....#≈#≈.≈≈#≈#
#.....
..........####≈#≈§≈§#≈#
###### .[.#####..#
##≈##§r##≈## ..<.......#
#≈≈≈#≈§#≈≈≈########
....####..#
#≈≈≈@§§#≈≈≈#......###
....####..#
##≈######≈#######....
..........###### #.##.#.#
##### ....##.......#.#
#......#
....##.#####.#.###.###..#
.......# #............#
..####.# #..<.........#
#### ..# #.#
#.#.###.####.# #... ⌠.#
#.#####............# #.##


You could see a river rat.

Vanquished Creatures
  A howler monkey (D:4)
  2 orc priests
  2 orc wizards (D:3)
  3 worker ants (D:4)
  A hound skeleton (D:4)
  6 adders
  A river rat (D:4)
  3 worms
  A dart slug (D:2)
  9 leopard geckos
  11 orcs
  7 giant cockroaches
  4 hobgoblins
  9 jackals
  A quokka (D:2)
  5 bats
  4 frilled lizards
  5 goblins (D:2)
  7 kobolds
  5 rats
87 creatures vanquished.

Notes
Turn   | Place    | Note
-------+----------+-------------------------------------------
     0 | D:1      | Gorice the Deep Elf Fire Elementalist began the quest for the Orb.
     0 | D:1      | Reached XP level 1. HP: 10/10 MP: 6/6
   380 | D:1      | Reached skill level 2 in Conjurations
   491 | D:1      | Reached XP level 2. HP: 15/15 MP: 5/8
  1248 | D:2      | Reached XP level 3. HP: 19/19 MP: 2/10
  1428 | D:2      | Reached skill level 3 in Conjurations
  1462 | D:2      | Learned a level 2 spell: Throw Flame
  1466 | D:2      | Learned a level 3 spell: Conjure Flame
  1906 | D:3      | Reached skill level 4 in Spellcasting
  1906 | D:3      | Reached XP level 4. HP: 24/24 MP: 4/12
  2284 | D:3      | Reached skill level 4 in Fire Magic
  2526 | D:3      | Reached XP level 5. HP: 28/28 MP: 8/13
  2535 | D:3      | Reached skill level 4 in Conjurations
  2778 | D:3      | Found a deep blue altar of Sif Muna.
  3143 | D:3      | Became a worshipper of Sif Muna the Loreminder
  3195 | D:4      | Found a staircase to the Ecumenical Temple.
  3252 | D:4      | Noticed an ogre
  3292 | D:4      | Reached XP level 6. HP: 13/32 MP: 4/15
  3351 | D:4      | Learned a level 4 spell: Sticky Flame
  3512 | D:4      | Reached skill level 5 in Fire Magic
  3574 | D:4      | Found Jacyo's Antique Armour Shoppe.
  3624 | D:4      | Reached skill level 5 in Spellcasting
  3747 | D:4      | Reached skill level 5 in Conjurations
  3768 | D:4      | HP: 8/32 [adder (3)]
  4050 | D:4      | Engulfed by a cloud of steam

Vault maps used:
D:1:      dpeg_arrival_solitude, serial_park_tiny_2
D:3:      lemuel_blue_sif_altar, first_ration
D:4:      temple_fountains, gup_sewer_entry_bubbles, serial_shops, shop

Skill      XL: |  1  2  3  4  5  6 |
---------------+-------------------+-----
Conjurations   | 2 3 4 5 |  5.1
Spellcasting   | 4 5 |  5.1
Fire Magic     | 4 5 |  5.3
Dodging        | |  2.4
Stealth        | |  2.4

Action                   |  1- 3 |  4- 6 || total
-------------------------+-------+-------++-------
Melee: Falchion          |     1 |     5 ||     6
 Cast: Flame Tongue      |    58 |    83 ||   141
       Throw Flame       |     2 |    24 ||    26
       Conjure Flame     |       |     1 ||     1
       Sticky Flame      |       |     2 ||     2
  Use: Scroll            |     8 |     2 ||    10
       Potion            |       |     1 ||     1
 Stab: Sleeping          |     1 |       ||     1
  Eat: Chunk             |    13 |     9 ||    22
Armor: Robe              |     1 |     9 ||    10
Dodge: Dodged            |    10 |    26 ||    36
       Rpst.: Falchion   |     2 |    10 ||    12

Table legend:
 A = Spawn XP
 B = Non-spawn XP
 C = Spawn XP percentage of total XP
 D = Spawn monster count
 E = Non-spawn monster count
 F = Spawn count percentage of total count
 G = Total turns spent on level
                    A         B        C        D         E        F      G
               +---------+---------+-------+---------+---------+-------+---------
         Total |       0 |     594 |   0.0 |       0 |      87 |   0.0 |  4050
               +---------+---------+-------+---------+---------+-------+---------
           D:1 |       0 |      18 |   0.0 |       0 |       9 |   0.0 |   864
           D:2 |       0 |      58 |   0.0 |       0 |      28 |   0.0 |  1132
           D:3 |       0 |     247 |   0.0 |       0 |      32 |   0.0 |  1197
           D:4 |       0 |     271 |   0.0 |       0 |      18 |   0.0 |   857
               +---------+---------+-------+---------+---------+-------+---------

Table legend:
 A = Turns spent in this place as a percentage of turns spent in the entire game.
 B = Non-inter-level travel turns spent in this place as a percentage of non-inter-level travel turns spent in the entire game.
 C = Inter-level travel turns spent in this place as a percentage of turns spent in this place.
 D = Turns resting spent in this place as a percentage of non-inter-level travel turns spent in this place.
 E = Turns spent auto-exploring this place as a percentage of non-inter-level travel turns spent in this place.
 F = Non-inter-level travel turns spent in this place divided by the number of levels of this place that you've seen.
                   A       B       C       D       E      F
               +-------+-------+-------+-------+-------+----------------------
         Total | 100.0 | 100.0 |   5.6 |  28.2 |  39.8 | 955.5
       Dungeon | 100.0 | 100.0 |   5.6 |  28.2 |  39.8 | 955.5
               +-------+-------+-------+-------+-------+----------------------

Vault maps used:
D:1:      dpeg_arrival_solitude, serial_park_tiny_2
D:3:      lemuel_blue_sif_altar, first_ration
D:4:      temple_fountains, gup_sewer_entry_bubbles, serial_shops, shop
